 Dungeon Crawl Stone Soup version 0.31-a0-1074-g0b22e4e0f1 (webtiles) character file.

Game seed: 4243174656970954802

9965 BigPumpCobain the Grappler (level 11, -1/169 HPs)
             Began as a Troll Shapeshifter on Dec 4, 2023.
             Was a Priest of Wu Jian.
             Slain by Erica
             ... wielding a +0 scimitar of flaming
              (3 damage)
             ... on level 10 of the Dungeon.
             The game lasted 00:23:04 (8347 turns).

BigPumpCobain the Grappler (Troll Shapeshifter)     Turns: 8347, Time: 00:23:06

Health: -1/169     AC: 29    Str: 28    XL:     11   Next: 30%
Magic:  0/10       EV:  1    Int:  6    God:    Wu Jian [***...]
Gold:   635        SH:  0    Dex:  9    Spells: 10/10 levels left

rFire   . .          .
                       - Unarmed
rCold   . . .        (no shield)
rNeg    . . .        P - melded +0 steam dragon scales
rPois   +            (helmet currently unavailable)
rElec   .            (cloak currently unavailable)
rCorr   .            (gloves unavailable)
SInv    .            (boots unavailable)
Will    .....        a - amulet of guardian spirit
Stlth   +            n - +4 ring of protection
HPRegen 1.28/turn    s - ring of poison resistance
MPRegen 0.12/turn

%: guardian spirit
@: tree-form, slowed, very slow
A: stationary, stasis, torment immunity, boosted hp, large, unfitting armour,
(claws 3), regeneration 1, (shaggy fur 1), (tough skin 1)
a: Renounce Religion, Wall Jump, Serpent's Lash


You were on level 10 of the Dungeon.
You worshipped Wu Jian.
Wu Jian was most pleased with you.
You were a tree.
You visited 3 branches of the dungeon, and saw 13 of its levels.

You collected 635 gold pieces.

Inventory:

Hand Weapons
 x - a +1 short sword of venom
 D - a +3 dagger of electrocution
 G - the +9 morningstar of Understanding {holy, Will+ rCorr}
   (You found it on level 10 of the Dungeon)

   Will+:     It increases your willpower.
   rCorr:     It protects you from acid and corrosion.
Armour
 r - a +2 robe of willpower
 P - +0 steam dragon scales (melded)
Jewellery
 a - an amulet of guardian spirit (around neck)
 b - a ring of magical power
 j - a ring of fire
 l - an amulet of magic regeneration
 n - a +4 ring of protection (left branch)
 s - a ring of poison resistance (right branch)
Talismans
 c - a beast talisman
 d - a flux talisman
Wands
 i - a wand of mindburst (39)
 u - a wand of paralysis (16)
 z - a wand of digging (5)
 F - a wand of iceblast (9)
 O - a wand of flame (21)
Scrolls
 g - a scroll of amnesia
 k - 3 scrolls of fog
 o - a scroll of torment
 p - 4 scrolls of teleportation {unknown}
 q - 4 scrolls of fear
 w - 2 scrolls of blinking
 y - a scroll of immolation {unknown}
 A - 2 scrolls of brand weapon {unknown}
 C - a scroll of enchant weapon {unknown}
 J - 2 scrolls of identify
 L - a scroll of silence
 M - a scroll of enchant armour {unknown}
 Q - a scroll of vulnerability {unknown}
Potions
 e - 3 potions of brilliance {unknown}
 f - 2 potions of might {unknown}
 h - a potion of mutation {unknown}
 m - a potion of degeneration {unknown}
 t - a potion of attraction {unknown}
 v - 3 potions of curing {unknown}
 B - a potion of cancellation {unknown}
 E - a potion of lignification
 I - 3 potions of invisibility {unknown}
 K - 2 potions of heal wounds {unknown}
 N - 2 potions of haste {unknown}
Miscellaneous
 H - a phantom mirror


   Skills:
 + Level 8.8 Fighting
 - Level 1.5 Dodging
 + Level 10.8 Unarmed Combat
 + Level 10.0 Shapeshifting


You had 10 spell levels left.
You didn't know any spells.
Your spell library contained the following spells:

 Spells                   Type           Power      Damage    Failure   Level
 Foxfire                  Conj/Fire      0%         2x1d4     45%         1
 Freeze                   Ice            0%         1d3       45%         1
 Poisonous Vapours        Pois/Air       0%         N/A       58%         2
 Scorch                   Fire           0%         2d5       58%         2
 Wereblood                Tmut           0%         N/A       58%         2
 Frozen Ramparts          Ice            0%         1d1       83%         3
 Hailstorm                Conj/Ice       0%         3d3       83%         3
 Mephitic Cloud           Conj/Pois/Air  0%         N/A       83%         3
 Volatile Blastmotes      Fire/Tloc      0%         2d10      83%         3
 Flame Wave               Conj/Fire      0%         2d4       99%         4
 Fulminant Prism          Conj/Hex       0%         3d5       99%         4
 Iskenderun's Mystic Bla  Conj/Tloc      0%         2d3       99%         4
 Olgreb's Toxic Radiance  Pois           0%         N/A       99%         4
 Petrify                  Tmut/Erth      0%         N/A       99%         4
 Borgnjor's Vile Clutch   Necr/Erth      0%         N/A       100%        5
 Freezing Cloud           Conj/Ice/Air   0%         6-21      100%        5
 Irradiate                Conj/Tmut      0%         3d11      100%        5
 Metabolic Englaciation   Hex/Ice        0%         N/A       100%        5
 Plasma Beam              Fire/Air       0%         2x1d10    100%        6
 Simulacrum               Ice/Necr       0%         N/A       100%        6
 Starburst                Conj/Fire      0%         6d3       100%        6
 Summon Cactus Giant      Summ           0%         N/A       100%        6
 Discord                  Hex            0%         N/A       100%        8
 Ignition                 Fire           0%         3d3       100%        8


Dungeon Overview and Level Annotations

Branches:
Dungeon (11/15)            Temple (1/1) D:7            Lair (1/5) D:10
    Orc (0/2) D:9

Altars:
Ashenzari
Cheibriados
Dithmenos
Elyvilon
Fedhas
Gozag
Hepliaklqana
Kikubaaqudgha
Makhleb
Nemelex Xobeh
Okawaru
Qazlal
Ru
Sif Muna
Trog
Uskayaw
Vehumet
Wu Jian
Xom
Yredelemnul
Zin
The Shining One

Shops:
D:4 :

Annotations:
D:10 1 transporter, Erica
Lair:1 Gastronok


Innate Abilities, Weirdness & Mutations

You are a tree.
Your roots penetrate the ground, keeping you stationary.
You cannot be teleported.
You are immune to unholy pain and torment.
Your maximum health is greatly increased.
Your equipment is partially melded.
You are too large for most types of armour.
((You have claws for hands.))
Your natural rate of healing is unusually fast.
((You are covered in fur. (AC +1)))
((You have tough skin. (AC +1)))


Message History

You resist with significant effort.
There is a staircase back to the Dungeon, spattered with blood here.
The water moccasin bites you but does no damage.
Erica hits you with a +0 scimitar of flaming.
* * * LOW HITPOINT WARNING * * *
Erica burns you.
* * * LOW HITPOINT WARNING * * *
The bat hits you but does no damage.
The water moccasin bites you but does no damage.
You climb upwards.
Welcome back to the Dungeon!
Level annotation: 1 transporter
There is a staircase to the Lair, spattered with blood here.
Your transformation has ended.
You turn into a tree.
Your +0 steam dragon scales melds into your body.
Your roots penetrate the ground.
Erica hits you but does no damage.
The water moccasin bites you but does no damage.
Erica hits you but does no damage.
The water moccasin bites you but does no damage.
You hit Erica.
Erica is moderately wounded.
The water moccasin bites you but does no damage.
Erica hits you but does no damage.
You closely miss Erica.
Erica is moderately wounded.
The water moccasin bites you.
* * * LOW HITPOINT WARNING * * *
Erica hits you with a +0 scimitar of flaming!
* * * LOW HITPOINT WARNING * * *
Erica burns you.
* * * LOW HITPOINT WARNING * * *
The water moccasin bites you but does no damage.
You closely miss Erica.
Erica is moderately wounded.
The water moccasin bites you but does no damage.
Erica hits you with a +0 scimitar of flaming!
* * * LOW HITPOINT WARNING * * *
Erica burns you.
You die...
Erica begins burbling mirthfully and uncontrollably.

##.#.# ####..####.#######
#...## #..#.###.........###
#...####.#........###.....#
##..............###
####..#### ##
...........######
#.##...###.
...#.....##.#####
#######...#
....#....###....# ####.
#.#...#..# ####S## ##
####.##### #x♣# ### ####


You could see Erica and a water moccasin.

Vanquished Creatures
  A two-headed ogre (D:5)
  Pikel (D:7)
  Joseph (D:8)
  Psyche (D:8)
  Maggie (D:9)
  3 komodo dragons (D:10)
  Jeremiah (D:6)
  2 hornets
  A shadow (D:10)
  3 wyverns
  3 yaks
  A basilisk (D:10)
  Grum (Lair:1)
  Menkaure (D:6)
  A vampire mosquito (D:5)
  Edmund (D:6)
  A swamp drake (D:10)
  7 orc warriors
  An ice beast (D:8)
  A black bear (D:6)
  3 sky beasts
  2 ogres
  2 wolves (D:10)
  5 centaurs
  A phantom (D:5)
  6 kobold brigands
  The ghost of littlecub the Digger, an amateur GrEE (D:3)
  Blork the orc (D:4)
  2 bullfrogs
  A scorpion (D:5)
  8 wights (D:9)
  11 killer bees
  A howler monkey (D:5)
  5 hounds
  13 orc priests
  Crazy Yiuf (D:7)
  2 sleepcaps
  An iguana (D:4)
  16 orc wizards
  5 adders
  2 shadow imps
  5 white imps
  A howler monkey simulacrum (D:3)
  9 dart slugs
  2 adder simulacra (D:3)
  51 orcs
  6 ball pythons
  3 endoplasms
  7 goblins
  7 hobgoblins
  6 jackals
  4 quokkas
  7 bats
  4 frilled lizards
  A giant cockroach simulacrum (D:3)
  38 kobolds
  4 rats
277 creatures vanquished.

Notes
Turn   | Place    | Note
-------+----------+-------------------------------------------
     0 | D:1      | BigPumpCobain the Troll Shapeshifter began the quest for
                  | the Orb.
     0 | D:1      | Reached XP level 1. HP: 18/18 MP: 0/0
    74 | D:1      | Reached skill level 1 in Fighting
    84 | D:1      | Reached XP level 2. HP: 27/27 MP: 1/1
   557 | D:1      | Reached XP level 3. HP: 33/33 MP: 2/2
   919 | D:2      | Found a faded altar of an unknown god.
  1133 | D:2      | Found a shimmering altar of Xom.
  1487 | D:3      | Reached XP level 4. HP: 17/42 MP: 3/3
  1492 | D:3      | Reached XP level 5. HP: 22/50 MP: 4/4
  1684 | D:3      | Noticed littlecub's ghost (amateur GrEE)
  1731 | D:3      | Found a runed translucent gate.
  1732 | D:3      | Found a runed translucent gate.
  1745 | D:3      | Found a runed translucent gate.
  1963 | D:3      | Killed littlecub's ghost
  2042 | D:4      | Noticed Blork the orc
  2051 | D:4      | Reached XP level 6. HP: 54/59 MP: 5/5
  2057 | D:4      | Killed Blork the orc
  2099 | D:4      | Noticed a sky beast
  2110 | D:4      | Killed a sky beast
  2111 | D:4      | Reached skill level 5 in Unarmed Combat
  2184 | D:4      | Found Jomuh's Vocational Training.
  2564 | D:5      | Entered Level 5 of the Dungeon
  2571 | D:5      | Reached XP level 7. HP: 66/67 MP: 6/6
  2573 | D:5      | Reached skill level 5 in Shapeshifting
  2846 | D:5      | Noticed a two-headed ogre
  2858 | D:5      | Killed a two-headed ogre
  2859 | D:5      | Reached skill level 5 in Fighting
  2859 | D:5      | Reached XP level 8. HP: 74/80 MP: 7/7
  3841 | D:6      | Noticed Edmund
  3873 | D:6      | Killed Edmund
  3874 | D:6      | Reached XP level 9. HP: 75/89 MP: 8/8
  3880 | D:6      | Noticed Jeremiah
  3951 | D:6      | Killed Jeremiah
  4301 | D:6      | Noticed Menkaure
  4338 | D:6      | Killed Menkaure
  4976 | D:7      | Found a staircase to the Ecumenical Temple.
  5053 | Temple   | Entered the Ecumenical Temple
  5074 | Temple   | Became a worshipper of the Wu Jian Council
  5209 | D:7      | Noticed Pikel
  5214 | D:7      | Killed Pikel
  5336 | D:7      | Found a runed translucent door.
  5337 | D:7      | Noticed Crazy Yiuf
  5378 | D:7      | Killed Crazy Yiuf
  5509 | D:8      | Reached XP level 10. HP: 86/102 MP: 9/9
  5540 | D:8      | Noticed Joseph
  5548 | D:8      | Killed Joseph
  5593 | D:8      | Found a basalt altar of Yredelemnul.
  5637 | D:8      | Got the Parchment of Numb Dark Spells
  5671 | D:8      | Found a shadowy altar of Dithmenos.
  5768 | D:8      | Noticed Psyche
  5770 | D:8      | Reached * piety under Wu Jian
  5775 | D:8      | Killed Psyche
  6123 | D:9      | Found a shimmering altar of Xom.
  6126 | D:9      | Noticed an angel
  6130 | D:9      | Found a glowing silver altar of Zin.
  6201 | D:9      | Found a staircase to the Orcish Mines.
  6363 | D:9      | Reached ** piety under Wu Jian
  6465 | D:9      | Found a sparkling altar of Nemelex Xobeh.
  6465 | D:9      | Found an iron altar of Okawaru.
  6536 | D:9      | Noticed Maggie
  6550 | D:9      | Killed Maggie
  6609 | D:9      | Found a glowing golden altar of the Shining One.
  6613 | D:9      | Found an ancient bone altar of Kikubaaqudgha.
  6744 | D:9      | Reached skill level 10 in Unarmed Combat
  7000 | D:10     | Entered Level 10 of the Dungeon
  7143 | D:10     | Found a transporter.
  7145 | D:10     | Found a transporter.
  7152 | D:10     | Found a transporter.
  7152 | D:10     | Found a transporter.
  7154 | D:10     | Found a transporter.
  7154 | D:10     | Found a transporter.
  7450 | D:10     | Reached XP level 11. HP: 90/113 MP: 7/10
  7457 | D:10     | Identified the +9 morningstar of Understanding {holy, Will+
                  | rCorr}
  7555 | D:10     | Found a staircase to the Lair.
  7771 | D:10     | Reached *** piety under Wu Jian
  8271 | Lair:1   | Entered Level 1 of the Lair of Beasts
  8271 | Lair:1   | Noticed Grum
  8271 | Lair:1   | Noticed Gastronok
  8271 | Lair:1   | Noticed Erica
  8340 | Lair:1   | Killed Grum
  8341 | Lair:1   | Reached skill level 10 in Shapeshifting
  8347 | D:10     | HP: 2/169 [Erica/+0 scimitar of flaming (10)]
  8347 | D:10     | Slain by Erica

Illustrated notes

Levels and vault maps discovered:
D:1:      psy_arrival_radial02, layout_loops_ring
D:2:      layout_loops_cross, basic_altar, hellmonk_ecumenical_altar_lost_god,
          minmay_goblin_outpost
D:3:      layout_rooms, gammafunk_ghost_icy, grunt_ministairs_14
D:4:      layout_cave_pools, st_stairs_2, nicolae_shop_vocational,
          uniq_blork_the_orc
D:5:      kennysheep_big_flooded_room, layout_basic, minmay_small_thing
D:6:      layout_cave_pools, serial_co_window_serial,
          co_window_of_opportunity_a, co_window_corner_a, co_window_paths_b,
          co_window_of_opportunity_a, co_window_of_opportunity_a,
          co_window_of_opportunity_a, co_window_corner_a, co_window_paths_b,
          co_window_paths_b, co_window_cross_4, co_window_broadway_b,
          co_window_corner_ca, co_window_corner_cb, co_window_sun,
          co_window_paths_d, glass_columns_a, glass_columns_a, uniq_edmund,
          uniq_jeremiah, uniq_menkaure
D:7:      nicolae_BIG_FREAKIN_CUBE, layout_rooms, minmay_temple_entry_tees,
          uniq_crazy_yiuf_cottage, uniq_pikel
D:8:      layout_rooms, mainiacjoe_overflow_catwalk_spiral, minivault_21,
          kb_lookout_dungeons_type, uniq_psyche, uniq_joseph
D:9:      layout_irregular_city, grunt_temple_overflow_order_and_chaos_1,
          minitemple, gammafunk_temple_overflow_wave, orc_david_3, uniq_maggie
D:10:     layout_irregular_city, erik_lair_dragon, enter_bailey_4,
          serial_nicolae_subway, nicolae_sub_station_stone,
          nicolae_sub_station_metal, nicolae_sub_station_crystal
D:11:     layout_stronghold
Temple:   dpeg_chambers_temple
Lair:1:   layout_big_grid, beast_lair_carwin_10, uniq_fannar, uniq_grum,
          uniq_gastronok, uniq_erica

Skill      XL: |  1  2  3  4  5  6  7  8  9 10 11 |
---------------+----------------------------------+-----
Fighting       | 1 2 3 5 7 8 |  8.8
Unarmed Combat | 4 5 6 7 8 10 | 10.8
Shapeshifting  | 4 6 8 9 10 | 10.0
Dodging        | |  1.5

Action                     |  1- 3 |  4- 6 |  7- 9 | 10-12 || total
---------------------------+-------+-------+-------+-------++-------
  Melee: Unarmed           |    91 |   106 |   237 |   331 ||   765
         Punch             |     2 |     3 |    11 |    14 ||    30
Ability: Lunge             |       |       |     7 |    17 ||    24
         Whirlwind         |       |       |       |    82 ||    82
  Evoke: Wand              |       |       |     6 |     1 ||     7
    Use: Potion            |     1 |       |       |     1 ||     2
         Scroll            |       |     4 |     5 |       ||     9
   Stab: Paralysed         |       |       |     1 |       ||     1
         Confused          |       |       |       |     1 ||     1
 Armour: Animal skin       |    56 |    41 |       |       ||    97
         Skin              |    38 |    25 |       |    11 ||    74
         Robe              |       |    25 |   201 |   100 ||   326
         Steam dragon scal |       |       |       |   211 ||   211
  Dodge: Dodged            |    34 |    40 |    87 |   135 ||   296

Table legend: (Time is in decaauts)
 A = Elapsed time spent in this place.
 B = Non-inter-level travel time spent in this place.
 C = Inter-level travel time spent in this place.
 D = Time resting spent in this place.
 E = Time spent auto-exploring this place.
 F = Levels seen in this place.
 G = Mean time per level.
                   A        B        C        D        E       F      G
               +--------+--------+--------+--------+--------+-----+--------+
         Total |   8266 |   7827 |    439 |    214 |   6002 |  13 |  635.8 |
       Dungeon |   8205 |   7808 |    397 |    214 |   6002 |  11 |  745.9 |
        Temple |     42 |      1 |     41 |      0 |      0 |   1 |   42.0 |
          Lair |     18 |     18 |      0 |      0 |      0 |   1 |   18.0 |
               +--------+--------+--------+--------+--------+-----+--------+

Top non-repeatable levels by time:
    D:10: 1290 daAuts
     D:6: 1251 daAuts
     D:9: 912 daAuts
     D:5: 873 daAuts
     D:1: 861 daAuts
     D:7: 657 daAuts
     D:8: 644 daAuts
     D:2: 603 daAuts
     D:4: 545 daAuts
     D:3: 537 daAuts
  Temple: 42 daAuts
    D:11: 27 daAuts
  Lair:1: 18 daAuts
